TOP OF THE 1ST |
Key West Barracudas batting - Pitching for Montgomery Biscuits : RHP Jim Baker
|
Pitching: RHP Jim Baker
|
|
Batting: SHB Luis Manuel López
|
0-0: Called Strike 0-1: Foul Ball, location: 2F 0-2: Ball 1-2: Strikes out swinging
|
Batting: SHB Héctor Padilla
|
0-0: Called Strike 0-1: Swinging Strike 0-2: Ball 1-2: Ball 2-2: Ground out 4-3 (Groundball, 4M)
|
Batting: RHB Frederick Chamberlain
|
0-0: Swinging Strike 0-1: Foul Ball, location: 2F 0-2: Foul Ball, location: 2F 0-2: Ball 1-2: Strikes out swinging
|
Top of the 1st over - 0 run(s), 0 hit(s), 0 error(s), 0 left on base; Key West 0 - Montgomery 0 |
BOTTOM OF THE 1ST |
Montgomery Biscuits batting - Pitching for Key West Barracudas : RHP George Bennion
|
Pitching: RHP George Bennion
|
|
Batting: SHB Lawrence Farley
|
0-0: Fly out, F7 (Flyball, 7LSF)
|
Batting: LHB António Fernández
|
0-0: Foul Ball, location: 2F 0-1: SINGLE (Line Drive, 6MD)
|
Batting: RHB Jerry Johnston
|
0-0: Foul Ball, location: 2F 0-1: Swinging Strike 0-2: Strikes out looking
|
Batting: RHB Bob McDonald
|
0-0: Ball 1-0: Ball 2-0: Ball 3-0: Base on Balls António Fernández to second
|
Batting: SHB Jack Estes
|
0-0: Ball 1-0: Foul Ball, location: 2F 1-1: Ball 2-1: SINGLE (Line Drive, 6) António Fernández to third Bob McDonald to second
|
Batting: RHB Bryant von Bohlen
|
0-0: Ball 1-0: Ball 2-0: Ball 3-0: Base on Balls António Fernández scores Bob McDonald to third Jack Estes to second
|
Batting: RHB Rusty Downy
|
0-0: Ball 1-0: Ball 2-0: Foul Ball, location: 2F 2-1: Called Strike 2-2: Strikes out swinging
|
Bottom of the 1st over - 1 run(s), 2 hit(s), 0 error(s), 3 left on base; Key West 0 - Montgomery 1 |
TOP OF THE 2ND |
Key West Barracudas batting - Pitching for Montgomery Biscuits : RHP Jim Baker
|
Batting: RHB Anastasio Zartuche
|
0-0: Ball 1-0: SINGLE (Line Drive, 8LS)
|
Batting: RHB Ramón Díaz
|
0-0: Ball 1-0: Ball 2-0: Ball 3-0: Called Strike 3-1: Grounds into double play, 6-4-3 (Groundball, 6)
|
Batting: SHB Jacob Knapp
|
0-0: Swinging Strike 0-1: Foul Ball, location: 2F 0-2: Strikes out looking
|
Top of the 2nd over - 0 run(s), 1 hit(s), 0 error(s), 0 left on base; Key West 0 - Montgomery 1 |
BOTTOM OF THE 2ND |
Montgomery Biscuits batting - Pitching for Key West Barracudas : RHP George Bennion
|
Batting: RHB Glen MacDonald
|
0-0: Ball 1-0: Ball 2-0: Called Strike 2-1: Ball 3-1: Base on Balls
|
Batting: RHB Dave Roberts
|
0-0: Called Strike 0-1: Hit by Pitch Glen MacDonald to second
|
Batting: SHB Lawrence Farley
|
0-0: Called Strike 0-1: Ball 1-1: Foul Ball, location: 2F 1-2: Ball 2-2: Ball 3-2: Fly out, F4 (Popup, 4MD)
|
Batting: LHB António Fernández
|
0-0: Foul Ball, location: 2F 0-1: SINGLE (Groundball, 4MD) Glen MacDonald to third Dave Roberts to second Runner from 3rd tries for Home, throw and OUT!
|
Batting: RHB Jerry Johnston
|
0-0: Foul Ball, location: 2F 0-1: Foul Ball, location: 2F 0-2: Foul Ball, location: 2F 0-2: SINGLE (Line Drive, 56D) Dave Roberts to third António Fernández to second Runner from 3rd tries for Home, SAFE, no throw
|
Batting: RHB Bob McDonald
|
0-0: Fly out, F4 (Line Drive, 4)
|
Bottom of the 2nd over - 1 run(s), 2 hit(s), 0 error(s), 2 left on base; Key West 0 - Montgomery 2 |
TOP OF THE 3RD |
Key West Barracudas batting - Pitching for Montgomery Biscuits : RHP Jim Baker
|
Batting: LHB Mauro Díaz
|
0-0: Called Strike 0-1: Ball 1-1: Called Strike 1-2: Strikes out swinging
|
Batting: SHB Rodney Birling
|
0-0: Foul Ball, location: 2F 0-1: Ground out 6-3 (Groundball, 6MS)
|
Batting: RHB Júlio Cruz
|
0-0: Ball 1-0: Ball 2-0: Foul Ball, location: 2F 2-1: SINGLE (Groundball, 34D)
|
Batting: SHB Luis Manuel López
|
0-0: Ball 1-0: Ball 2-0: Fly out, F8 (Flyball, 8RM)
|
Top of the 3rd over - 0 run(s), 1 hit(s), 0 error(s), 1 left on base; Key West 0 - Montgomery 2 |
BOTTOM OF THE 3RD |
Montgomery Biscuits batting - Pitching for Key West Barracudas : RHP George Bennion
|
Batting: SHB Jack Estes
|
0-0: Ball 1-0: Ball 2-0: Foul Ball, location: 2F 2-1: Ball 3-1: Base on Balls
|
Batting: RHB Bryant von Bohlen
|
0-0: Called Strike Jack Estes steals 2nd base 0-1: Ball 1-1: Ball 2-1: Foul Ball, location: 2F 2-2: Strikes out swinging
|
Batting: RHB Rusty Downy
|
0-0: Called Strike 0-1: Ball 1-1: Reached on error, E4 (Groundball, 4) Jack Estes scores
|
Batting: RHB Glen MacDonald
|
0-0: Foul Ball, location: 2F 0-1: Ball 1-1: DOUBLE (Line Drive, 89D) Rusty Downy scores
|
Pitching: RHP Bob Schneider
|
|
Batting: RHB Dave Roberts
|
0-0: Swinging Strike 0-1: Foul Ball, location: 2F 0-2: Strikes out swinging
|
Batting: SHB Lawrence Farley
|
0-0: Swinging Strike 0-1: Ball 1-1: Called Strike 1-2: Fly out, F2 (Popup, 23)
|
Bottom of the 3rd over - 2 run(s), 1 hit(s), 1 error(s), 1 left on base; Key West 0 - Montgomery 4 |
TOP OF THE 4TH |
Key West Barracudas batting - Pitching for Montgomery Biscuits : RHP Jim Baker
|
Batting: SHB Héctor Padilla
|
0-0: Ball 1-0: Called Strike 1-1: Ball 2-1: Ball 3-1: Base on Balls
|
Batting: RHB Frederick Chamberlain
|
0-0: Ball 1-0: Called Strike 1-1: Ball Héctor Padilla is caught stealing 2nd base 2-1: Foul Ball, location: 2F 2-2: Ball 3-2: Ground out U3 (Groundball, 34S)
|
Batting: RHB Anastasio Zartuche
|
0-0: Called Strike 0-1: Ball 1-1: Ball 2-1: Ball 3-1: Base on Balls
|
Batting: RHB Ramón Díaz
|
0-0: 2-RUN HOME RUN (Flyball, 78XD), Distance : 394 ft
|
Batting: SHB Jacob Knapp
|
0-0: Ball 1-0: Called Strike 1-1: Ball 2-1: Fly out, F9 (Flyball, 9LM)
|
Top of the 4th over - 2 run(s), 1 hit(s), 0 error(s), 0 left on base; Key West 2 - Montgomery 4 |
BOTTOM OF THE 4TH |
Montgomery Biscuits batting - Pitching for Key West Barracudas : RHP Bob Schneider
|
Batting: LHB António Fernández
|
0-0: Swinging Strike 0-1: Ball 1-1: Ground out 6-3 (Groundball, 6)
|
Batting: RHB Jerry Johnston
|
0-0: SINGLE (Line Drive, 7S)
|
Batting: RHB Bob McDonald
|
0-0: Ball Jerry Johnston steals 2nd base 1-0: SINGLE (Flyball, 8LS) - OUT at second base trying to stretch hit. Jerry Johnston scores
|
Batting: SHB Jack Estes
|
0-0: Hit by Pitch
|
Batting: RHB Bryant von Bohlen
|
0-0: Ball 1-0: Called Strike 1-1: Ball 2-1: Ball Wild Pitch! Jack Estes to second 3-1: Called Strike 3-2: Ground out 6-3 (Groundball, 6)
|
Bottom of the 4th over - 1 run(s), 2 hit(s), 0 error(s), 1 left on base; Key West 2 - Montgomery 5 |
TOP OF THE 5TH |
Key West Barracudas batting - Pitching for Montgomery Biscuits : RHP Jim Baker
|
Batting: LHB Mauro Díaz
|
0-0: Ball 1-0: Ball 2-0: Ball 3-0: Called Strike 3-1: Ground out 4-3 (Groundball, 4)
|
Batting: SHB Rodney Birling
|
0-0: Ball 1-0: Ball 2-0: Swinging Strike 2-1: Swinging Strike 2-2: Strikes out swinging, 2-3 out at first.
|
Batting: RHB Júlio Cruz
|
0-0: Ball 1-0: Ball 2-0: Bunted foul 2-1: Ball 3-1: Called Strike 3-2: SINGLE (Groundball, 56S) (infield hit)
|
Batting: SHB Luis Manuel López
|
0-0: Ball 1-0: DOUBLE (Line Drive, 78M) Júlio Cruz to third Runner from 3rd tries for Home, SAFE, no throw
|
Batting: SHB Héctor Padilla
|
0-0: Swinging Strike 0-1: Called Strike 0-2: Strikes out swinging
|
Top of the 5th over - 1 run(s), 2 hit(s), 0 error(s), 1 left on base; Key West 3 - Montgomery 5 |
BOTTOM OF THE 5TH |
Montgomery Biscuits batting - Pitching for Key West Barracudas : RHP Bob Schneider
|
Batting: RHB Rusty Downy
|
0-0: Called Strike 0-1: Ball 1-1: Ball 2-1: Foul Ball, location: 2F 2-2: Strikes out swinging
|
Batting: RHB Glen MacDonald
|
0-0: Ball 1-0: Called Strike 1-1: Called Strike 1-2: Foul Ball, location: 2F 1-2: Foul Ball, location: 2F 1-2: Ball 2-2: Strikes out swinging
|
Batting: RHB Dave Roberts
|
0-0: Ground out 6-3 (Groundball, 6)
|
Bottom of the 5th over - 0 run(s), 0 hit(s), 0 error(s), 0 left on base; Key West 3 - Montgomery 5 |
TOP OF THE 6TH |
Key West Barracudas batting - Pitching for Montgomery Biscuits : RHP Jim Baker
|
Batting: RHB Frederick Chamberlain
|
0-0: Ball 1-0: Ball 2-0: Swinging Strike 2-1: Swinging Strike 2-2: Ball 3-2: Fly out, F8 (Flyball, 8LXD)
|
Batting: RHB Anastasio Zartuche
|
0-0: Ground out 5-3 (Groundball, 5S)
|
Batting: RHB Ramón Díaz
|
0-0: Swinging Strike 0-1: Ball 1-1: Ball 2-1: Foul Ball, location: 2F 2-2: Ball 3-2: Base on Balls
|
Batting: SHB Jacob Knapp
|
0-0: Ball 1-0: Fly out, F7 (Flyball, 7LS)
|
Top of the 6th over - 0 run(s), 0 hit(s), 0 error(s), 1 left on base; Key West 3 - Montgomery 5 |
BOTTOM OF THE 6TH |
Montgomery Biscuits batting - Pitching for Key West Barracudas : RHP Bob Schneider
|
Batting: SHB Lawrence Farley
|
0-0: Ball 1-0: Swinging Strike 1-1: Ground out 6-3 (Groundball, 6)
|
Batting: LHB António Fernández
|
0-0: Ball 1-0: Ball 2-0: Ball 3-0: Called Strike 3-1: Foul Ball, location: 2F 3-2: Base on Balls
|
Batting: RHB Jerry Johnston
|
0-0: Called Strike 0-1: Fly out, F4 (Popup, 4MD)
|
Batting: RHB Bob McDonald
|
0-0: Called Strike 0-1: Ball 1-1: Ball 2-1: SINGLE (Groundball, 6MD) António Fernández to second Runner from 2nd tries for 3rd, OUT!
|
Bottom of the 6th over - 0 run(s), 1 hit(s), 0 error(s), 1 left on base; Key West 3 - Montgomery 5 |
TOP OF THE 7TH |
Key West Barracudas batting - Pitching for Montgomery Biscuits : RHP Jim Baker
|
Pitching: RHP Steven Browne
|
|
Batting: LHB Mauro Díaz
|
0-0: Called Strike 0-1: Ball 1-1: Ball 2-1: Foul Ball, location: 2F 2-2: Ball 3-2: Base on Balls
|
Batting: SHB Rodney Birling
|
0-0: Called Strike 0-1: Foul Ball, location: 2F 0-2: Ball 1-2: SINGLE (Groundball, 3S) (infield hit) Mauro Díaz to second
|
Batting: RHB Júlio Cruz
|
0-0: Sac Bunt - play at first, batter OUT! 3-4 Mauro Díaz to third Rodney Birling to second
|
Pinch Hitting: LHB Daniel Byrd
|
0-0: Called Strike 0-1: Swinging Strike 0-2: Ball 1-2: Ball 2-2: Strikes out swinging
|
Batting: SHB Héctor Padilla
|
0-0: Ball 1-0: Ball 2-0: Ball 3-0: Base on Balls
|
Batting: RHB Frederick Chamberlain
|
0-0: SINGLE (Groundball, 6D) Mauro Díaz scores Rodney Birling to third Héctor Padilla to second Runner from 3rd tries for Home, SAFE, no throw
|
Batting: RHB Anastasio Zartuche
|
0-0: Called Strike 0-1: Foul Ball, location: 2F 0-2: Ball 1-2: Strikes out swinging
|
Top of the 7th over - 2 run(s), 2 hit(s), 0 error(s), 2 left on base; Key West 5 - Montgomery 5 |
BOTTOM OF THE 7TH |
Montgomery Biscuits batting - Pitching for Key West Barracudas : RHP Bob Schneider
|
Now at 2B: Richard Sanders
|
|
Batting: SHB Jack Estes
|
0-0: Called Strike 0-1: Swinging Strike 0-2: Foul Ball, location: 2F 0-2: Strikes out swinging
|
Pitching: RHP Dennis Grange
|
|
Batting: RHB Bryant von Bohlen
|
0-0: Ball 1-0: SINGLE (Groundball, 6MD)
|
Pinch Hitting: LHB Bob Jones
|
0-0: Hit by Pitch Bryant von Bohlen to second
|
Batting: RHB Glen MacDonald
|
0-0: Ball 1-0: Called Strike 1-1: Called Strike 1-2: Foul Ball, location: 2F 1-2: Ball 2-2: Foul Ball, location: 2F 2-2: Fly out, F7 (Flyball, 7D)
|
Pinch Hitting: LHB Brian MacIntosh
|
0-0: Ball 1-0: SINGLE (Line Drive, 34D) Bryant von Bohlen to third Bob Jones to second Runner from 3rd tries for Home, SAFE, no throw
|
Batting: SHB Lawrence Farley
|
0-0: Foul Ball, location: 2F 0-1: SINGLE (Groundball, 34D) Bob Jones to third Brian MacIntosh to second Runner from 3rd tries for Home, SAFE, no throw
|
Batting: LHB António Fernández
|
0-0: Called Strike 0-1: Ball 1-1: Ball 2-1: Ball 3-1: Called Strike 3-2: Foul Ball, location: 2F 3-2: Base on Balls Brian MacIntosh to third Lawrence Farley to second
|
Batting: RHB Jerry Johnston
|
0-0: Ball 1-0: Foul Ball, location: 2F 1-1: Foul Ball, location: 2F 1-2: Ball 2-2: Ground out 1-3 (Groundball, 13S)
|
Bottom of the 7th over - 2 run(s), 3 hit(s), 0 error(s), 3 left on base; Key West 5 - Montgomery 7 |
TOP OF THE 8TH |
Key West Barracudas batting - Pitching for Montgomery Biscuits : RHP Steven Browne
|
Pitching: LHP Orlando Costa
|
|
Now at 2B: Roy Ayers
|
|
Now in RF: Brian MacIntosh
|
|
Batting: RHB Ramón Díaz
|
0-0: Ball 1-0: Ball 2-0: Foul Ball, location: 2F 2-1: Foul Ball, location: 2F 2-2: Strikes out swinging, 2-3 out at first.
|
Batting: SHB Jacob Knapp
|
0-0: Called Strike 0-1: Ball 1-1: Swinging Strike 1-2: Strikes out swinging
|
Batting: LHB Mauro Díaz
|
0-0: Ball 1-0: Swinging Strike 1-1: Ball 2-1: Called Strike 2-2: Foul Ball, location: 2F 2-2: Reached on error, E3 (Groundball, 34)
|
Batting: SHB Rodney Birling
|
0-0: Ball 1-0: Foul Ball, location: 2F 1-1: Ball 2-1: Ball 3-1: Base on Balls Mauro Díaz to second
|
Pinch Hitting: RHB Steve Gómez
|
0-0: Called Strike 0-1: Ball 1-1: SINGLE (Groundball, 34D) Mauro Díaz to third Rodney Birling to second
|
Pinch Hitting: SHB Héctor Jiménez
|
0-0: Ball 1-0: Foul Ball, location: 2F 1-1: Ball Wild Pitch! Mauro Díaz scores Rodney Birling to third Steve Gómez to second 2-1: Foul Ball, location: 2F 2-2: Ball 3-2: Foul Ball, location: 2F 3-2: Base on Balls
|
Batting: SHB Héctor Padilla
|
0-0: Called Strike 0-1: Foul Ball, location: 2F 0-2: Strikes out looking
|
Top of the 8th over - 1 run(s), 1 hit(s), 1 error(s), 3 left on base; Key West 6 - Montgomery 7 |
BOTTOM OF THE 8TH |
Montgomery Biscuits batting - Pitching for Key West Barracudas : RHP Dennis Grange
|
Now at 2B: Héctor Jiménez
|
|
Now at 3B: Steve Gómez
|
|
Batting: RHB Bob McDonald
|
0-0: Called Strike 0-1: Called Strike 0-2: Foul Ball, location: 2F 0-2: Ball 1-2: Strikes out looking
|
Batting: SHB Jack Estes
|
0-0: Called Strike 0-1: Ground out U3 (Groundball, 34)
|
Batting: RHB Bryant von Bohlen
|
0-0: Ground out 6-3 (Groundball, 6)
|
Bottom of the 8th over - 0 run(s), 0 hit(s), 0 error(s), 0 left on base; Key West 6 - Montgomery 7 |
TOP OF THE 9TH |
Key West Barracudas batting - Pitching for Montgomery Biscuits : LHP Orlando Costa
|
Batting: RHB Frederick Chamberlain
|
0-0: Swinging Strike 0-1: Ground out 1-3 (Groundball, 15S)
|
Batting: RHB Anastasio Zartuche
|
0-0: Ball 1-0: Ball 2-0: Ball 3-0: Called Strike 3-1: Foul Ball, location: 2F 3-2: Strikes out swinging
|
Batting: RHB Ramón Díaz
|
0-0: Foul Ball, location: 2F 0-1: Ball 1-1: Fly out, F3 (Line Drive, 34)
|
Top of the 9th over - 0 run(s), 0 hit(s), 0 error(s), 0 left on base; Key West 6 - Montgomery 7 |
|